 Dungeon Crawl Stone Soup version bcrawl-1.40.3b (webtiles) character file.

Game seed: 8094190535323443184

532944 Amelense the Bludgeoner (level 12, 0/123 HPs)
             Began as an Ent Monk on Feb 6, 2024.
             Was the Champion of Cheibriados.
             Slain by an entropy weaver (4 damage)
             ... on level 1 of the Spider Nest.
             The game lasted 00:50:48 (9487 turns).

Amelense the Bludgeoner (Ent Monk)                  Turns: 9487, Time: 00:50:49

Health: 0/123      AC: 10    Str: 37    XL:     12   Next: 36%
Magic:  0/14       EV: 22    Int: 28    God:    Cheibriados [******]
Gold:   643        SH:  0    Dex: 34    Spells: 12/14 levels left

rFire    + . .     GDR:     46% j - +0 giant club
rCold    . . .     SeeInvis .   (shield currently unavailable)
rNeg     + + +     Gourm    .   (armour unavailable)
rPois    +         Faith    .   b - +1 hat
rElec    .         Spirit   +   (no cloak)
rCorr    .         Reflect  .   (gloves unavailable)
MR       +....     Clarity  +   (boots unavailable)
Stlth    +++.......             c - amulet of guardian spirit
HPRegen  0.30/turn              g - +7 ring of dexterity
MPRegen  0.14/turn              l - +3 ring of evasion

@: corroded, very slow
A: large, slow actions, passwall, strong branches, molten scales 1, fire
resistance 1, negative energy resistance 3, poison resistance, slow metabolism
1, torment resistance, unbreathing, evolution 1, MP-powered wands, AC +19
a: Passwall, Bend Time, Defer, Temporal Distortion, Step From Time, Renounce
Religion


You were on level 1 of the Spider Nest.
You worshipped Cheibriados.
Cheibriados was exalted by your worship.
You were hungry.

You visited 3 branches of the dungeon, and saw 11 of its levels.

You collected 643 gold pieces.

Inventory:

Hand Weapons
 j - a +0 giant club (weapon)
 o - a +2 morningstar of protection
 y - a +0 whip of freezing
 A - a +1 flail of crushing
Missiles
 f - 285 poisoned tomahawks (quivered)
Armour
 b - a +1 hat (worn)
 G - a +0 medium shield
Jewellery
 c - an amulet of guardian spirit (around neck)
 g - a +7 ring of dexterity (left hand)
 l - a +3 ring of evasion (right hand)
 p - an uncursed ring of resist corrosion
 u - an uncursed amulet of the acrobat
 K - an uncursed ring of poison resistance {unknown}
Wands
 a - a wand of random effects (6)
 m - a wand of polymorph (6)
 r - a wand of paralysis (8)
 s - a wand of scattershot (5)
 t - a wand of flame (24)
 v - a wand of disintegration (12)
 F - a wand of charming (8)
Scrolls
 d - 6 scrolls of remove curse
 i - 8 scrolls of identify
 q - 4 scrolls of amnesia
 B - 2 scrolls of enchant armour
 D - 3 scrolls of enchant weapon {unknown}
 E - 2 scrolls of teleportation
 H - a scroll of revelation
Potions
 h - a potion of degeneration {unknown}
 k - a potion of ambrosia
 n - 2 potions of agility {unknown}
 w - a potion of flight {unknown}
 x - 2 potions of curing
 z - 2 potions of heal wounds
 C - a potion of lignification {unknown}
 J - a potion of mutation
Miscellaneous
 I - a lightning rod (4/4)
Comestibles
 e - 6 rations {!d}


   Skills:
 - Level 6.0 Fighting
 * Level 20.2 Maces & Flails
 + Level 0.3 Throwing
 - Level 6.4 Dodging
 - Level 2.5 Stealth
 + Level 1.7 Shields
 + Level 1.9 Spellcasting
 + Level 1.9 Charms
 + Level 2.4 Invocations
 - Level 0.2 Evocations


You had 12 spell levels left.
You knew the following spells:

 Your Spells              Type           Power        Failure   Level  Hunger
a - Infusion              Chrm           ##......     4%          1    None
b - Corona                Hex            #......      9%          1    None

Your spell library contained the following spells:

 Spells                   Type           Power        Failure   Level  Hunger
 Slow                     Hex            #.......     9%          1    None
 Apportation              Tloc           #.....       10%         1    None
 Magic Dart               Conj           #...         10%         1    None
 Sandblast                Erth           #.....       10%         1    None
 Summon Butterflies       Summ           #.......     10%         1    None
 Blink                    Tloc           N/A          14%         2    ##.....
 Call Imp                 Summ           #.....       14%         2    ##.....
 Searing Ray              Conj           #.......     14%         2    ##.....
 Conjure Flame            Conj/Fire      #.......     28%         3    ####...
 Iskenderun's Mystic Bla  Conj           #.......     28%         3    ####...
 Mephitic Cloud           Conj/Pois/Air  #.......     28%         3    ####...
 Fulminant Prism          Conj/Hex       #.........   67%         4    ######.
 Irradiate                Conj/Tmut      #.........   95%         5    #######
 Spider Form              Tmut/Pois      Unusable     N/A         3    N/A

Dungeon Overview and Level Annotations

Branches:
Dungeon (8/12)             Temple (0/1) D:6            Lair (2/6) D:8
 Spider (1/3) Lair:2
  Swamp: Lair:2-4    Shoals: Lair:2-4     Snake: Lair:2-4       Orc: D:8-11

Altars:
Ashenzari
Cheibriados
Dithmenos
Fedhas
Gozag
Nemelex Xobeh
Okawaru
Qazlal
Sif Muna
Trog
Uskayaw
Vehumet
Wu Jian

Shops:
D:6 [   D:8 }


Innate Abilities, Weirdness & Mutations

You move and act slowly.
You can pass through walls and trees.
Your branches can wield two-handed weapons with a shield.
Your thick bark is tough. (AC +19)
You are too large for most types of armour.
You are immune to negative energy. (rN+++)
Your system is resistant to poisons. (rPois)
You have a slow metabolism.
You are immune to unholy pain and torment.
You can survive without breathing.
You are partially covered in molten scales. (AC +2)
Your flesh is heat resistant. (rF+)
You evolve.
You expend magic power (3 MP) to strengthen your wands.


Message History

The entropy weaver completely misses you.
The entropy weaver hits you!
* * * LOW HITPOINT WARNING * * *
The entropy weaver barely misses you. The entropy weaver misses you.
The entropy weaver barely misses you.
The entropy weaver completely misses you.
The entropy weaver misses you.
The entropy weaver hits you but does no damage.
The entropy weaver closely misses you. The entropy weaver misses you.
There is a crawl-hole back to the Lair here.
You can't go down here!
The entropy weaver casts a spell.
The entropic weave corrodes you! The redback closely misses you.
The redback completely misses you.
The entropy weaver hits you but does no damage.
The entropy weaver hits you!
* * * LOW HITPOINT WARNING * * *
The entropy weaver hits you but does no damage.
The entropy weaver hits you.
You die...

...... ....
......## .... .
.#....... ..# ..
...#....####..#...
..............#..#.
..#...#......#.....
........#ss...#
#....#..a@..#
..#.....[##..^#
^)........##......
..#.......#.####..
#..:....###
.......#.###
...##....# ...
#....# . ##..##


You could see an entropy weaver and 2 redbacks.

Vanquished Creatures
  2 hydras (Lair:2)
  A two-headed ogre (D:5)
  A wolf spider zombie (D:7)
  Pikel (D:6)
  2 black mambas
  4 cane toads (Lair:1)
  2 komodo dragons
  5 jumping spiders (Lair:2)
  2 trolls (D:7)
  4 polar bears (Lair:2)
  Grinder (D:3)
  5 blink frogs (Lair:1)
  Prince Ribbit (D:7)
  3 hippogriffs
  Sigmund (D:5)
  2 hungry ghosts
  22 yaks
  2 redbacks (Lair:2)
  A vampire mosquito (D:6)
  Edmund (D:6)
  3 crocodiles (Lair:1)
  A water moccasin (D:7)
  Duvessa (D:6)
  A soldier ant (D:6)
  3 porcupines
  4 orc warriors
  2 hornet zombies
  An ice beast (D:3)
  A black bear (D:8)
  3 phantoms
  3 sky beasts
  2 ogres (D:8)
  15 wolves
  5 bullfrogs
  3 centaurs
  Dowan (D:6)
  3 scorpions
  A howler monkey (D:6)
  3 wights (D:8)
  2 orc priests
  2 electric eels (Lair:1)
  5 crimson imps
  A bullfrog zombie (D:5)
  6 hounds
  6 orc wizards
  A bullfrog skeleton (D:7)
  2 jellies
  10 worker ants
  Ijyb (D:4)
  Robin (D:3)
  7 gnolls
  11 adders
  3 shadow imps
  An ooze (D:6)
  An adder zombie (D:7)
  2 adder skeletons
  2 worms
  4 dart slugs
  2 leopard geckos
  22 orcs
  3 bats
  2 giant cockroaches
  15 goblins
  14 hobgoblins
  5 jackals (D:6)
  3 quokkas
  A ball python (D:1)
  A frilled lizard (D:2)
  6 kobolds
  3 rats (D:2)
  7 fungi
  10 plants
281 creatures vanquished.

Vanquished Creatures (others)
  4 fungi
  3 plants (Lair:1)
7 creatures vanquished.

Grand Total: 288 creatures vanquished

Notes
Turn   | Place    | Note
-------+----------+-------------------------------------------
     0 | D:1      | Amelense the Ent Monk began the quest for the Orb.
     0 | D:1      | Reached XP level 1. HP: 25/25 MP: 2/2
   302 | D:1      | Reached skill level 4 in Maces & Flails
   302 | D:1      | Reached XP level 2. HP: 31/33 MP: 3/3
  1109 | D:2      | Got a coiled bone amulet
  1677 | D:2      | Noticed a crimson imp
  1714 | D:2      | Identified the amulet "Cozanurgh" {Inacc rPois rC- Str+3}
                  | (You found it on level 2 of the Dungeon)
  1739 | D:2      | Killed a crimson imp
  1740 | D:2      | Reached skill level 5 in Maces & Flails
  1740 | D:2      | Reached XP level 3. HP: 39/42 MP: 4/4
  1945 | D:3      | Noticed Grinder
  1955 | D:3      | Reached XP level 4. HP: 37/51 MP: 2/5
  1959 | D:3      | Paralysed by Grinder for 4 turns
  1975 | D:3      | Killed Grinder
  1976 | D:3      | Reached skill level 7 in Maces & Flails
  1976 | D:3      | Reached XP level 5. HP: 38/58 MP: 3/6
  2026 | D:3      | Noticed an ice beast
  2053 | D:3      | Killed an ice beast
  2054 | D:3      | Reached XP level 6. HP: 38/68 MP: 4/7
  2426 | D:3      | Noticed Robin
  2613 | D:3      | Reached skill level 8 in Maces & Flails
  2700 | D:3      | Reached XP level 7. HP: 55/77 MP: 6/8
  2795 | D:3      | Learned a level 1 spell: Infusion
  2797 | D:3      | Learned a level 1 spell: Corona
  2816 | D:3      | Killed Robin
  2971 | D:3      | Found a blossoming altar of Fedhas.
  3013 | D:3      | Found a snail-covered altar of Cheibriados.
  3017 | D:3      | Found a stormy altar of Qazlal.
  3018 | D:3      | Found an opulent altar of Gozag.
  3021 | D:3      | Became a worshipper of Cheibriados the Contemplative
  3021 | D:3      | Reached * piety under Cheibriados
  3021 | D:3      | Reached ** piety under Cheibriados
  3025 | D:3      | Found a shadowy altar of Dithmenos.
  3025 | D:3      | Found a shimmering blue altar of Sif Muna.
  3027 | D:3      | Found a hide-covered altar of Uskayaw.
  3029 | D:3      | Found a bloodstained altar of Trog.
  3030 | D:3      | Found a shattered altar of Ashenzari.
  3396 | D:4      | Noticed Ijyb
  3412 | D:4      | Killed Ijyb
  3670 | D:4      | Noticed a hungry ghost
  3677 | D:4      | Killed a hungry ghost
  3678 | D:4      | Reached skill level 9 in Maces & Flails
  4376 | D:5      | Entered Level 5 of the Dungeon
  4391 | D:5      | Reached XP level 8. HP: 83/85 MP: 9/9
  4404 | D:5      | Reached skill level 5 in Fighting
  4434 | D:5      | Noticed Sigmund
  4435 | D:5      | Noticed a two-headed ogre
  4452 | D:5      | Gained mutation: Scrolls take you a little longer to read.
                  | [potion of mutation]
  4452 | D:5      | Gained mutation: You are weak. (Str -2) [potion of
                  | mutation]
  4452 | D:5      | Gained mutation: Your flesh is heat resistant. (rF+)
                  | [potion of mutation]
  4457 | D:5      | Killed Sigmund
  4458 | D:5      | Reached skill level 10 in Maces & Flails
  4460 | D:5      | Killed a two-headed ogre
  4461 | D:5      | Reached skill level 11 in Maces & Flails
  4461 | D:5      | Reached skill level 5 in Dodging
  4462 | D:5      | Reached *** piety under Cheibriados
  4466 | D:5      | HP: 3/88 [hound (2)]
  4753 | D:5      | Reached XP level 9. HP: 95/95 MP: 10/10
  5096 | D:6      | Noticed Duvessa
  5096 | D:6      | Noticed Dowan
  5104 | D:6      | Reached skill level 12 in Maces & Flails
  5120 | D:6      | Killed Duvessa
  5127 | D:6      | Killed Dowan
  5201 | D:6      | Noticed Pikel
  5210 | D:6      | Killed Pikel
  5211 | D:6      | Reached skill level 1 in Spellcasting
  5244 | D:6      | Reached **** piety under Cheibriados
  5283 | D:6      | Reached skill level 13 in Maces & Flails
  5301 | D:6      | Reached skill level 1 in Charms
  5307 | D:6      | Noticed Edmund
  5320 | D:6      | Killed Edmund
  5485 | D:6      | Found Nepruize's Antique Armour Emporium.
  5572 | D:6      | Found a radiant altar of Vehumet.
  5573 | D:6      | Found a sparkling altar of Nemelex Xobeh.
  5586 | D:6      | Found a staircase to the Ecumenical Temple.
  5840 | D:6      | Reached XP level 10. HP: 106/106 MP: 11/11
  5984 | D:7      | Reached skill level 14 in Maces & Flails
  6006 | D:7      | Found an ornate altar of the Wu Jian Council.
  6021 | D:7      | Reached ***** piety under Cheibriados
  6373 | D:7      | Reached skill level 15 in Maces & Flails
  6580 | D:7      | Noticed Prince Ribbit
  6782 | D:7      | Killed Prince Ribbit
  7034 | D:8      | Reached skill level 16 in Maces & Flails
  7076 | D:8      | Reached skill level 1 in Shields
  7122 | D:8      | Lost mutation: Scrolls take you a little longer to read.
                  | [potion of mutation]
  7122 | D:8      | Lost mutation: Your flesh is heat resistant. (rF+) [potion
                  | of mutation]
  7122 | D:8      | Lost mutation: You are weak. (Str -2) [potion of mutation]
  7122 | D:8      | Gained mutation: Your flesh is heat resistant. (rF+)
                  | [potion of mutation]
  7122 | D:8      | Gained mutation: You evolve. [potion of mutation]
  7177 | D:8      | Found a staircase to the Lair.
  7256 | D:8      | Reached ****** piety under Cheibriados
  7519 | D:8      | Found Riefajopp's Gadget Shoppe.
  7808 | Lair:1   | Entered Level 1 of the Lair of Beasts
  7811 | Lair:1   | Noticed a cane toad
  7817 | Lair:1   | Killed a cane toad
  7818 | Lair:1   | Reached XP level 11. HP: 108/113 MP: 11/13
  7979 | Lair:1   | Reached skill level 17 in Maces & Flails
  8003 | Lair:1   | Reached skill level 18 in Maces & Flails
  8869 | Lair:1   | Found an iron altar of Okawaru.
  8990 | Lair:1   | Gained mutation: You expend magic power (3 MP) to
                  | strengthen your wands. [evolution]
  9010 | Lair:1   | You fall into a shaft and drop 1 floor!
  9028 | Lair:2   | Noticed a seven-headed hydra
  9034 | Lair:2   | Killed a seven-headed hydra
  9096 | Lair:2   | Reached skill level 19 in Maces & Flails
  9174 | Lair:2   | Noticed a four-headed hydra
  9183 | Lair:2   | Reached XP level 12. HP: 120/123 MP: 12/14
  9187 | Lair:2   | Killed a four-headed hydra
  9233 | Lair:2   | Gained mutation: You are partially covered in molten
                  | scales. (AC +2) [evolution]
  9439 | Lair:2   | Found a hole to the Spider Nest.
  9442 | Lair:2   | Reached skill level 20 in Maces & Flails
  9474 | Spider:1 | Entered Level 1 of the Spider Nest
  9480 | Spider:1 | Noticed an entropy weaver
  9487 | Spider:1 | HP: 4/123 [entropy weaver (8)]
  9487 | Spider:1 | Slain by an entropy weaver

Skill      XL: |  1  2  3  4  5  6  7  8  9 10 11 12 |
---------------+-------------------------------------+-----
Maces & Flails | 4 5 7 8 9 11 13 16 19 20 | 20.2
Fighting       | 4 5 6 |  6.0
Dodging        | 3 4 5 6 |  6.4
Spellcasting   | 1 |  1.9
Charms         | 1 |  1.9
Shields        | 1 |  1.7
Throwing       | |  0.3
Stealth        | |  2.5
Invocations    | |  2.4
Evocations     | |  0.2

Action                   |  1- 3 |  4- 6 |  7- 9 | 10-12 || total
-------------------------+-------+-------+-------+-------++-------
Melee: Mace              |   109 |    98 |    29 |       ||   236
       Morningstar       |       |       |   208 |   111 ||   319
       Flail             |       |       |    27 |    21 ||    48
       Giant club        |       |       |       |   189 ||   189
Throw: Tomahawk          |       |       |       |     2 ||     2
 Cast: Infusion          |       |       |    18 |     4 ||    22
       Corona            |       |       |     1 |       ||     1
Evoke: Wand              |       |       |     2 |       ||     2
  Use: Potion            |     3 |     3 |     4 |     4 ||    14
       Scroll            |     2 |       |     6 |     1 ||     9
 Stab: Sleeping          |     4 |     1 |     3 |     8 ||    16
       Invisible         |       |       |     5 |       ||     5
       Distracted        |       |       |       |     3 ||     3
  Eat: Chunk             |     3 |     4 |     4 |     9 ||    20
       Ration            |     1 |       |     5 |     2 ||     8
Armor: Skin              |    69 |    54 |   184 |   209 ||   516
Dodge: Dodged            |    87 |    95 |   496 |   668 ||  1346
Block: Medium shield     |       |       |       |    30 ||    30
